 Dungeon Crawl Stone Soup version 0.31-a0-1321-g5021b54cb2 (webtiles) character file.

Game seed: 8286741479201157073

109 Dordric the Cudgeller (level 4, -1/28 HPs)
             Began as a Gargoyle Fighter on Dec 7, 2023.
             Frozen to death by an endoplasm (2 damage)
             ... on level 2 of the Dungeon on Dec 20, 2023.
             The game lasted 00:03:41 (1449 turns).

Dordric the Cudgeller (Gargoyle Fighter)            Turns: 1449, Time: 00:03:41

Health: -1/28      AC: 11    Str: 22    XL:     4   Next: 90%
Magic:  4/4        EV:  9    Int:  8    God:
Gold:   111        SH:  4    Dex:  9    Spells: 3/3 levels left

rFire   . . .        a - +0 flail
rCold   . . .        c - +0 buckler
rNeg    + . .        b - +0 scale mail
rPois   ∞            (no helmet)
rElec   +            (no cloak)
rCorr   .            (no gloves)
SInv    .            l - +0 pair of boots
Will    .....        (no amulet) Stlth
                     (no ring)
HPRegen 0.24/turn    (no ring)
MPRegen 0.09/turn

%: no passive effects
@: no status effects
A: sickness immunity, AC +3, negative energy resistance 1, electricity
resistance, torment resistance 1, petrification resistance
a: no special abilities


You were on level 2 of the Dungeon.
You visited 1 branch of the dungeon, and saw 2 of its levels.

You collected 111 gold pieces.

Inventory:

Hand Weapons
 a - a +0 flail (weapon)
Armour
 b - a +0 scale mail (worn)
 c - a +0 buckler (worn)
 l - a +0 pair of boots (worn)
Scrolls
 j - 2 scrolls of identify {unknown}
 n - a scroll of enchant weapon {unknown}
Potions
 d - 2 potions of might
 e - 3 potions of curing {unknown}
 f - a potion of invisibility {unknown}
 g - 2 potions of lignification {unknown}
 h - a potion of mutation {unknown}
 i - 3 potions of attraction {unknown}
 k - a potion of magic {unknown}
 m - a potion of resistance {unknown}


   Skills:
 - Level 3.2 Fighting
 + Level 4.9 Maces & Flails
 - Level 3.2 Armour
 - Level 3.2 Shields


You had 3 spell levels left.
You didn't know any spells.
Your spell library was empty.

Dungeon Overview and Level Annotations

Branches:
Dungeon (2/15)

Altars:
Elyvilon
Hepliaklqana
Nemelex Xobeh
Uskayaw
Xom
The Shining One


Innate Abilities, Weirdness & Mutations

You are immune to sickness and miasma.
Your stone body is resilient. (AC +3)
You are immune to poison.
You resist negative energy. (rN+)
You are resistant to electric shocks. (rElec)
You are resistant to unholy torment.
You are immune to petrification.


Message History

You hit the endoplasm.
The endoplasm is heavily wounded.
You are no longer corroded.
The endoplasm misses you. The endoplasm hits you.
* * * LOW HITPOINT WARNING * * *
You hit the endoplasm.
The endoplasm is severely wounded.
The endoplasm closely misses you.
You barely miss the endoplasm.
The endoplasm is severely wounded.
The endoplasm hits you but does no damage.
You hit the endoplasm.
The endoplasm is almost dead.
The endoplasm closely misses you.
You sock the endoplasm!
You kill the endoplasm!
The endoplasm closely misses you.
You hit the endoplasm.
The endoplasm is lightly wounded.
The endoplasm hits you but does no damage.
You barely miss the endoplasm.
The endoplasm is lightly wounded.
The endoplasm hits you but does no damage.
You thump the endoplasm!
You kill the endoplasm!
You barely miss the endoplasm. The endoplasm closely misses you.
You barely miss the endoplasm. The endoplasm barely misses you.
You sock the endoplasm!
You kill the endoplasm!
You hit the endoplasm.
The endoplasm is lightly wounded.
The endoplasm freezes you.
You are frozen.
* * * LOW HITPOINT WARNING * * *
The endoplasm hits you but does no damage.
You hit the endoplasm.
The endoplasm is almost dead.
The endoplasm freezes you.
You are frozen.
You die...

.....# ###########.#
.....######...........#
...............(......########
.......####..................#
.....#.# ###########.######.#
.......######### ### #.#
.......##..÷...########## #.#
##...#.##.P..÷.J##......####.#
###..#.##÷÷....#@#......)##..#
# #...###__.÷JJ#.#......))'..#
#.#..##.....J#.#.....)))'..#
#.##.##P._.__#)#'#......'.##
##.#####÷.....#.#.#.....##.#
##....# #÷...P.#.#.#....#####
......# #%.....##.#######
##....# ########### #....# ###


You could see an endoplasm.

Vanquished Creatures
  A jelly (D:2)
  A dart slug (D:1)
  4 worms (D:2)
  6 ball pythons
  11 endoplasms
  4 giant cockroaches
  4 goblins
  5 hobgoblins (D:1)
  3 jackals (D:2)
  12 kobolds
  A quokka (D:1)
  2 bats (D:1)
  3 frilled lizards
  3 rats (D:1)
60 creatures vanquished.

Notes
Turn   | Place    | Note
-------+----------+-------------------------------------------
     0 | D:1      | Dordric the Gargoyle Fighter began the quest for the Orb.
     0 | D:1      | Reached XP level 1. HP: 14/14 MP: 1/1
    98 | D:1      | Upgraded the game from 0.31-a0-1074-g0b22e4e0f1 to
                  | 0.31-a0-1172-g9944ec47dd
   137 | D:1      | Reached XP level 2. HP: 19/19 MP: 2/2
   163 | D:1      | Reached skill level 3 in Maces & Flails
   266 | D:1      | Reached XP level 3. HP: 22/23 MP: 3/3
   822 | D:1      | Upgraded the game from 0.31-a0-1172-g9944ec47dd to
                  | 0.31-a0-1321-g5021b54cb2
  1004 | D:2      | Reached skill level 4 in Maces & Flails
  1161 | D:2      | Reached XP level 4. HP: 26/28 MP: 4/4
  1421 | D:2      | Found a hide-covered altar of Uskayaw.
  1421 | D:2      | Found a white marble altar of Elyvilon.
  1421 | D:2      | Found a glowing golden altar of the Shining One.
  1421 | D:2      | Found a shimmering altar of Xom.
  1421 | D:2      | Found a hazy altar of Hepliaklqana.
  1421 | D:2      | Found a sparkling altar of Nemelex Xobeh.
  1448 | D:2      | HP: 1/28 [frozen (5)]
  1449 | D:2      | Frozen to death by an endoplasm

Illustrated notes

Levels and vault maps discovered:
D:1:      co_arrival_square_in_a_square_in_a_square, layout_basic,
          minmay_misc_feat_doors, minmay_hexomino_u4
D:2:      cheibrodos_fertilizer, layout_rooms, basic_altar, st_stairs_7

Skill      XL: |  1  2  3 |
---------------+----------+-----
Maces & Flails | 3 4 |  4.9
Fighting       | |  3.2
Armour         | |  3.2
Shields        | |  3.2

Action                     |  1- 3 |  4- 6 || total
---------------------------+-------+-------++-------
  Melee: Flail             |   180 |    57 ||   237
 Armour: Scale mail        |   111 |    47 ||   158
  Dodge: Dodged            |    95 |    30 ||   125
  Block: Buckler           |    44 |     8 ||    52

Table legend: (Time is in decaauts)
 A = Elapsed time spent in this place.
 B = Non-inter-level travel time spent in this place.
 C = Inter-level travel time spent in this place.
 D = Time resting spent in this place.
 E = Time spent auto-exploring this place.
 F = Levels seen in this place.
 G = Mean time per level.
                   A        B        C        D        E       F      G
               +--------+--------+--------+--------+--------+-----+--------+
         Total |   1509 |   1432 |     77 |     62 |    931 |   2 |  754.5 |
       Dungeon |   1509 |   1432 |     77 |     62 |    931 |   2 |  754.5 |
               +--------+--------+--------+--------+--------+-----+--------+

Top non-repeatable levels by time:
     D:1: 895 daAuts
     D:2: 613 daAuts
